| TOP OF THE 1ST |
|
Atlanta (MID) Braves batting - Pitching for Lakewood BlueClaws : RHP Gregorio Padilla
|
|
Pitching: RHP Gregorio Padilla
|
|
|
Batting: RHB Badr al Din Ridha
|
0-0: Foul Ball, location: 2F 0-1: Ball 1-1: Ball 2-1: Ball 3-1: Swinging Strike 3-2: Strikes out swinging
|
|
Batting: RHB Nick Holsinger
|
0-0: Ball 1-0: Ground out 5-3 (Groundball, 56, EV 101.9 MPH)
|
|
Batting: RHB Zheng-ze King
|
0-0: Called Strike 0-1: Ball 1-1: Foul Ball, location: 2F 1-2: Fly out, F7 (Line Drive, 7LS, EV 92.5 MPH)
|
| Top of the 1st over - 0 runs, 0 hits, 0 errors, 0 left on base; Atlanta (MID) 0 - Lakewood 0 |
| BOTTOM OF THE 1ST |
|
Lakewood BlueClaws batting - Pitching for Atlanta (MID) Braves : RHP Iestyn Nicholls
|
|
Pitching: RHP Iestyn Nicholls
|
|
|
Batting: SHB Steve DeRienzo
|
0-0: Ball 1-0: Foul Ball, location: 2F 1-1: Swinging Strike 1-2: Strikes out swinging
|
|
Batting: RHB Mike Bell
|
0-0: Called Strike 0-1: Ball 1-1: Ground out 5-3 (Groundball, 56, EV 107.5 MPH)
|
|
Batting: RHB Victor Arias
|
0-0: Ball 1-0: Ball 2-0: Ball 3-0: Called Strike 3-1: Called Strike 3-2: Fly out, F8 (Line Drive, 8RM, EV 95.6 MPH)
|
| Bottom of the 1st over - 0 runs, 0 hits, 0 errors, 0 left on base; Atlanta (MID) 0 - Lakewood 0 |
| TOP OF THE 2ND |
|
Atlanta (MID) Braves batting - Pitching for Lakewood BlueClaws : RHP Gregorio Padilla
|
|
Batting: LHB Oke Monti
|
0-0: Ball 1-0: Ball 2-0: Reached on error, E3 (Groundball, 34, EV 85.0 MPH)
|
|
Batting: RHB Josh McCormick
|
0-0: Fly out, F9 (Flyball, 89S, EV 79.4 MPH)
|
|
Batting: LHB Ryan Murdock
|
0-0: Ball 1-0: Foul Ball, location: 2F 1-1: Ball 2-1: Grounds into double play, 4-6-3 (Groundball, 4, EV 85.6 MPH)
|
| Top of the 2nd over - 0 runs, 0 hits, 1 error, 0 left on base; Atlanta (MID) 0 - Lakewood 0 |
| BOTTOM OF THE 2ND |
|
Lakewood BlueClaws batting - Pitching for Atlanta (MID) Braves : RHP Iestyn Nicholls
|
|
Batting: LHB Joel Moore
|
0-0: Ball 1-0: Called Strike 1-1: TRIPLE (Line Drive, 8LXD, EV 111.2 MPH)
|
|
Batting: RHB Vaclav Been
|
0-0: Ball 1-0: Called Strike 1-1: Called Strike 1-2: Ground out 4-3 (Groundball, 34, EV 104.4 MPH) Joel Moore scores
|
|
Batting: RHB Bryan Alfaro
|
0-0: Foul Ball, location: 2F 0-1: Called Strike 0-2: Ball 1-2: Ball 2-2: Foul Ball, location: 2F 2-2: Ground out 5-3 (Groundball, 56, EV 109.4 MPH)
|
|
Batting: RHB Josh Baker
|
0-0: Ball 1-0: Called Strike 1-1: Called Strike 1-2: Foul Ball, location: 2F 1-2: Strikes out swinging
|
| Bottom of the 2nd over - 1 run, 1 hit, 0 errors, 0 left on base; Atlanta (MID) 0 - Lakewood 1 |
| TOP OF THE 3RD |
|
Atlanta (MID) Braves batting - Pitching for Lakewood BlueClaws : RHP Gregorio Padilla
|
|
Batting: RHB Phil Holman
|
0-0: SINGLE (Groundball, 34D, EV 98.1 MPH)
|
|
Batting: LHB Malik Boulay
|
Pickoff Play to 1st, Runner tries for 2nd, OUT after rundown. 0-0: Ball 1-0: Swinging Strike 1-1: Ball 2-1: Ball 3-1: Called Strike 3-2: Strikes out swinging
|
|
Batting: RHB George Provance
|
0-0: Ball 1-0: Ball 2-0: Ball 3-0: Called Strike 3-1: Base on Balls
|
|
Batting: RHB Badr al Din Ridha
|
0-0: Ball 1-0: Swinging Strike 1-1: Ball George Provance steals 2nd base 2-1: Ball 3-1: Base on Balls
|
|
Batting: RHB Nick Holsinger
|
0-0: Ball 1-0: Fly out, F7 (Flyball, 7D, EV 85.6 MPH)
|
| Top of the 3rd over - 0 runs, 1 hit, 0 errors, 2 left on base; Atlanta (MID) 0 - Lakewood 1 |
| BOTTOM OF THE 3RD |
|
Lakewood BlueClaws batting - Pitching for Atlanta (MID) Braves : RHP Iestyn Nicholls
|
|
Batting: RHB Johnny Burroughs
|
0-0: Called Strike 0-1: Ball 1-1: Foul Ball, location: 2F 1-2: Ground out 5-3 (Groundball, 56S, EV 64.4 MPH)
|
|
Batting: RHB Cory Bonham
|
0-0: Called Strike 0-1: Swinging Strike 0-2: Strikes out looking
|
|
Batting: SHB Steve DeRienzo
|
0-0: Ball 1-0: Called Strike 1-1: Ground out 6-3 (Groundball, 56, EV 88.1 MPH)
|
| Bottom of the 3rd over - 0 runs, 0 hits, 0 errors, 0 left on base; Atlanta (MID) 0 - Lakewood 1 |
| TOP OF THE 4TH |
|
Atlanta (MID) Braves batting - Pitching for Lakewood BlueClaws : RHP Gregorio Padilla
|
|
Batting: RHB Zheng-ze King
|
0-0: Ball 1-0: Foul Ball, location: 2F 1-1: Ball 2-1: Foul Ball, location: 2F 2-2: Ball 3-2: Foul Ball, location: 2F 3-2: SINGLE (Flyball, 78M, EV 88.8 MPH)
|
|
Batting: LHB Oke Monti
|
0-0: Called Strike 0-1: Ball 1-1: Called Strike 1-2: Foul Ball, location: 2F 1-2: Strikes out swinging
|
|
Batting: RHB Josh McCormick
|
0-0: Ball 1-0: Ball Zheng-ze King steals 2nd, throwing error, E2 Zheng-ze King to third 2-0: Ball 3-0: Base on Balls
|
|
Batting: LHB Ryan Murdock
|
0-0: Grounds into double play, 5-4-3 (Groundball, 5L, EV 100.6 MPH)
|
| Top of the 4th over - 0 runs, 1 hit, 1 error, 1 left on base; Atlanta (MID) 0 - Lakewood 1 |
| BOTTOM OF THE 4TH |
|
Lakewood BlueClaws batting - Pitching for Atlanta (MID) Braves : RHP Iestyn Nicholls
|
|
Batting: RHB Mike Bell
|
0-0: Called Strike 0-1: Ball 1-1: SINGLE (Groundball, 56D, EV 96.9 MPH)
|
|
Batting: RHB Victor Arias
|
0-0: Called Strike Mike Bell is caught stealing 2nd base 2-4 0-1: Ball 1-1: Ball 2-1: Called Strike 2-2: Ball 3-2: Foul Ball, location: 2F 3-2: Foul Ball, location: 2F 3-2: Base on Balls
|
|
Batting: LHB Joel Moore
|
0-0: Ball 1-0: Ball 2-0: DOUBLE (Line Drive, 7LM, EV 104.4 MPH) Victor Arias to third
|
|
Batting: RHB Vaclav Been
|
0-0: Called Strike 0-1: Ball 1-1: Fly out, F8 (Flyball, 8RM, EV 90.0 MPH) Runner from 3rd tags up, SCORES, throw by CF
|
|
Batting: RHB Bryan Alfaro
|
0-0: Swinging Strike 0-1: Called Strike 0-2: Strikes out swinging
|
| Bottom of the 4th over - 1 run, 2 hits, 0 errors, 1 left on base; Atlanta (MID) 0 - Lakewood 2 |
| TOP OF THE 5TH |
|
Atlanta (MID) Braves batting - Pitching for Lakewood BlueClaws : RHP Gregorio Padilla
|
|
Batting: RHB Phil Holman
|
0-0: Ground out 5-3 (Groundball, 56S, EV 73.1 MPH)
|
|
Batting: LHB Malik Boulay
|
0-0: Called Strike 0-1: Ball 1-1: Ball 2-1: Ball 3-1: Ground out U3 (Groundball, 3, EV 83.1 MPH)
|
|
Batting: RHB George Provance
|
0-0: Ball 1-0: Ground out 5-3 (Groundball, 5, EV 82.5 MPH)
|
| Top of the 5th over - 0 runs, 0 hits, 0 errors, 0 left on base; Atlanta (MID) 0 - Lakewood 2 |
| BOTTOM OF THE 5TH |
|
Lakewood BlueClaws batting - Pitching for Atlanta (MID) Braves : RHP Iestyn Nicholls
|
|
Batting: RHB Josh Baker
|
0-0: Ball 1-0: Foul Ball, location: 2F 1-1: Swinging Strike 1-2: Strikes out swinging
|
|
Batting: RHB Johnny Burroughs
|
0-0: SINGLE (Groundball, 6MS, EV 85.6 MPH) (infield hit)
|
|
Batting: RHB Cory Bonham
|
0-0: Called Strike 0-1: Called Strike 0-2: Ball 1-2: Fly out, F5 (Line Drive, 5, EV 73.1 MPH)
|
|
Batting: SHB Steve DeRienzo
|
0-0: Called Strike 0-1: Swinging Strike 0-2: Strikes out looking
|
| Bottom of the 5th over - 0 runs, 1 hit, 0 errors, 1 left on base; Atlanta (MID) 0 - Lakewood 2 |
| TOP OF THE 6TH |
|
Atlanta (MID) Braves batting - Pitching for Lakewood BlueClaws : RHP Gregorio Padilla
|
|
Batting: RHB Badr al Din Ridha
|
0-0: Called Strike 0-1: Foul Ball, location: 2F 0-2: SINGLE (Line Drive, 4D, EV 103.1 MPH)
|
|
Batting: RHB Nick Holsinger
|
0-0: Ball 1-0: Foul Ball, location: 2F 1-1: Ball Badr al Din Ridha steals 2nd base 2-1: Ball 3-1: Called Strike 3-2: Fly out, F8 (Flyball, 89M, EV 87.5 MPH)
|
|
Batting: RHB Zheng-ze King
|
0-0: Ball 1-0: Foul Ball, location: 2F 1-1: Foul Ball, location: 2F 1-2: Fly out, F7 (Flyball, 78M, EV 86.9 MPH)
|
|
Batting: LHB Oke Monti
|
0-0: Ball 1-0: Ball 2-0: Ball 3-0: Base on Balls
|
|
Pitching: RHP Ian Savary
|
|
|
Batting: RHB Josh McCormick
|
0-0: Called Strike 0-1: Ball 1-1: Called Strike 1-2: Ball Wild Pitch! Badr al Din Ridha to third Oke Monti to second 2-2: Ball 3-2: Strikes out swinging
|
| Top of the 6th over - 0 runs, 1 hit, 0 errors, 2 left on base; Atlanta (MID) 0 - Lakewood 2 |
| BOTTOM OF THE 6TH |
|
Lakewood BlueClaws batting - Pitching for Atlanta (MID) Braves : RHP Iestyn Nicholls
|
|
Batting: RHB Mike Bell
|
0-0: Foul Ball, location: 2F 0-1: Called Strike 0-2: Strikes out swinging
|
|
Batting: RHB Victor Arias
|
0-0: Ball 1-0: Ground out 4-3 (Groundball, 4, EV 82.5 MPH)
|
|
Batting: LHB Joel Moore
|
0-0: Ground out 4-3 (Groundball, 4, EV 86.2 MPH)
|
| Bottom of the 6th over - 0 runs, 0 hits, 0 errors, 0 left on base; Atlanta (MID) 0 - Lakewood 2 |
| TOP OF THE 7TH |
|
Atlanta (MID) Braves batting - Pitching for Lakewood BlueClaws : RHP Ian Savary
|
|
Pitching: LHP Mike Aldrich
|
|
|
Batting: LHB Ryan Murdock
|
0-0: Foul Ball, location: 2F 0-1: Foul Ball, location: 2F 0-2: Ball 1-2: Ball 2-2: SINGLE (Groundball, 4D, EV 93.8 MPH)
|
|
Pitching: RHP Ramon Mena
|
|
|
Pinch Runner at 1st Toki Takeuchi:
|
|
|
Batting: RHB Phil Holman
|
0-0: Ball Toki Takeuchi is caught stealing 2nd base 2-4 1-0: Called Strike 1-1: Swinging Strike 1-2: Foul Ball, location: 2F 1-2: Strikes out swinging
|
|
Batting: LHB Malik Boulay
|
0-0: Called Strike 0-1: Ball 1-1: Foul Ball, location: 2F 1-2: Foul Ball, location: 2F 1-2: Ground out 1-3 (Groundball, 13, EV 66.2 MPH)
|
| Top of the 7th over - 0 runs, 1 hit, 0 errors, 0 left on base; Atlanta (MID) 0 - Lakewood 2 |
| BOTTOM OF THE 7TH |
|
Lakewood BlueClaws batting - Pitching for Atlanta (MID) Braves : RHP Iestyn Nicholls
|
|
Now in LF: Badr al Din Ridha
|
|
|
Now in CF: Toki Takeuchi
|
|
|
Batting: RHB Vaclav Been
|
0-0: Foul Ball, location: 2F 0-1: Ball 1-1: Called Strike 1-2: Foul Ball, location: 2F 1-2: Fly out, F9 (Flyball, 9D, EV 89.4 MPH)
|
|
Batting: RHB Bryan Alfaro
|
0-0: Ball 1-0: Ball 2-0: Called Strike 2-1: Ball 3-1: Ground out 4-3 (Groundball, 4S, EV 85.0 MPH)
|
|
Batting: RHB Josh Baker
|
0-0: Ball 1-0: Ball 2-0: Ball 3-0: Base on Balls
|
|
Pitching: RHP Justin Collins
|
|
|
Batting: RHB Johnny Burroughs
|
0-0: Ball 1-0: Ball 2-0: Called Strike 2-1: Ground out 1-3 (Groundball, 23, EV 61.9 MPH)
|
| Bottom of the 7th over - 0 runs, 0 hits, 0 errors, 1 left on base; Atlanta (MID) 0 - Lakewood 2 |
| TOP OF THE 8TH |
|
Atlanta (MID) Braves batting - Pitching for Lakewood BlueClaws : RHP Ramon Mena
|
|
Pitching: RHP Francisco Tejada
|
|
|
Pinch Hitting: SHB Richello Badua
|
0-0: Foul Ball, location: 2F 0-1: Ball 1-1: Called Strike 1-2: Strikes out swinging
|
|
Batting: RHB Badr al Din Ridha
|
0-0: DOUBLE (Line Drive, 89D, EV 109.4 MPH)
|
|
Batting: RHB Nick Holsinger
|
0-0: Ball 1-0: Ball 2-0: Swinging Strike 2-1: Ground out 6-3 (Groundball, 6, EV 104.4 MPH)
|
|
Batting: RHB Zheng-ze King
|
0-0: Ball 1-0: Called Strike 1-1: Ball 2-1: Fly out, F8 (Flyball, 8LD, EV 90.0 MPH)
|
| Top of the 8th over - 0 runs, 1 hit, 0 errors, 1 left on base; Atlanta (MID) 0 - Lakewood 2 |
| BOTTOM OF THE 8TH |
|
Lakewood BlueClaws batting - Pitching for Atlanta (MID) Braves : RHP Justin Collins
|
|
Now in RF: Richello Badua
|
|
|
Batting: RHB Cory Bonham
|
0-0: Swinging Strike 0-1: Swinging Strike 0-2: Ball 1-2: Strikes out swinging
|
|
Batting: SHB Steve DeRienzo
|
0-0: Called Strike 0-1: Foul Ball, location: 2F 0-2: Ball 1-2: Ball 2-2: Ground out 4-3 (Groundball, 4, EV 98.1 MPH)
|
|
Batting: RHB Mike Bell
|
0-0: Called Strike 0-1: Swinging Strike 0-2: Ball 1-2: Ball 2-2: Ball 3-2: Foul Ball, location: 2F 3-2: Strikes out looking
|
| Bottom of the 8th over - 0 runs, 0 hits, 0 errors, 0 left on base; Atlanta (MID) 0 - Lakewood 2 |
| TOP OF THE 9TH |
|
Atlanta (MID) Braves batting - Pitching for Lakewood BlueClaws : RHP Francisco Tejada
|
|
Pitching: RHP Alec Guglielmo
|
|
|
Batting: LHB Oke Monti
|
0-0: Called Strike 0-1: Foul Ball, location: 2F 0-2: Ball 1-2: Ball 2-2: Ball 3-2: Base on Balls
|
|
Batting: RHB Josh McCormick
|
0-0: Swinging Strike 0-1: Ball 1-1: Swinging Strike 1-2: Ball 2-2: Ball 3-2: Base on Balls Oke Monti to second
|
|
Batting: RHB Toki Takeuchi
|
0-0: Bunted foul 0-1: Ball 1-1: Bunt missed! 1-2: Ball 2-2: SINGLE (Groundball, 15S, EV 69.4 MPH) (infield hit) Oke Monti to third Josh McCormick to second
|
|
Pinch Hitting: RHB Armando Moz
|
0-0: Called Strike 0-1: Called Strike 0-2: Ball 1-2: Foul Ball, location: 2F 1-2: Fielders Choice at 2nd, 4-6 (Groundball, 4, EV 90.6 MPH) Oke Monti scores Josh McCormick to third
|
|
Batting: LHB Malik Boulay
|
0-0: Called Strike 0-1: Ball 1-1: Ball 2-1: Ball 3-1: Called Strike 3-2: Foul Ball, location: 2F 3-2: Foul Ball, location: 2F 3-2: Ground out 3-1 (Groundball, 3L, EV 103.8 MPH) Armando Moz to second
|
|
Batting: SHB Richello Badua
|
0-0: Intentional Walk
|
|
Batting: RHB Badr al Din Ridha
|
0-0: Swinging Strike 0-1: DOUBLE (Groundball, 5L, EV 107.5 MPH) Josh McCormick scores Armando Moz scores Richello Badua to third Runner from 3rd tries for Home, SAFE, throw by LF to trailing runner, SAFE at third!
|
|
Pitching: RHP Jeff van Schaik
|
|
|
Batting: RHB Nick Holsinger
|
0-0: Swinging Strike 0-1: Called Strike 0-2: Strikes out looking
|
| Top of the 9th over - 4 runs, 2 hits, 0 errors, 1 left on base; Atlanta (MID) 4 - Lakewood 2 |
| BOTTOM OF THE 9TH |
|
Lakewood BlueClaws batting - Pitching for Atlanta (MID) Braves : RHP Justin Collins
|
|
Pitching: LHP Darius Brown
|
|
|
Now at 2B: Joe Phillips
|
|
|
Now at 3B: Malik Boulay
|
|
|
Now at SS: Zheng-ze King
|
|
|
Batting: RHB Victor Arias
|
0-0: SINGLE (Groundball, 56D, EV 97.5 MPH)
|
|
Batting: LHB Joel Moore
|
0-0: Ball 1-0: Called Strike 1-1: Swinging Strike 1-2: Strikes out swinging
|
|
Batting: RHB Vaclav Been
|
0-0: Ball 1-0: Ball 2-0: SINGLE (Groundball, 56D, EV 101.9 MPH) Victor Arias to second
|
|
Batting: RHB Bryan Alfaro
|
0-0: Ball 1-0: Ball 2-0: Ball 3-0: Called Strike 3-1: Foul Ball, location: 2F 3-2: Fielders Choice at 2nd, 6-4 (Groundball, 6, EV 106.9 MPH) Victor Arias to third
|
|
Batting: RHB Josh Baker
|
0-0: Foul Ball, location: 2F 0-1: SINGLE (Groundball, P, EV 88.8 MPH) (infield hit) Victor Arias scores Bryan Alfaro to second
|
|
Batting: RHB Johnny Burroughs
|
0-0: Fly out, F1 (Line Drive, P, EV 70.0 MPH)
|
| Bottom of the 9th over - 1 run, 3 hits, 0 errors, 2 left on base; Atlanta (MID) 4 - Lakewood 3 |
|